Map: Orbital Shipyard

Players

WormLord

  • Race: Protoss Protoss
  • League: Grandmaster

wabbajack - Winner!

  • Race: Terran Terran
  • League: Grandmaster

VOD

Have the link to the VOD?

Description

Time

  • Played on: July 13, 2015, 11:11 a.m.
  • Length: 7:51
Show
View Real Time Build Order
Export as new Build Order

WormLord Protoss 

Build Orders:  

Get SALT Encoding   

  12  0:01  Probe  
  13  0:13  Probe  
  14  0:18  Pylon  
  14  0:32  Assimilator  
  14  0:36  Probe (Chrono Boost)  
  15  0:46  Probe (Chrono Boost)  
  15  0:49  Gateway  
  16  0:54  Probe  
  17  0:57  Pylon  
  17  1:07  Probe  
  18  1:18  Forge  
  18  1:19  Probe  
  19  1:43  Cybernetics Core  
  19  1:48  Pylon  
  19  2:07  Nexus  
  19  2:10  Probe  
  20  2:20  Adept  
  22  2:23  Warp Gate (Chrono Boost)  
  22  2:28  Probe  
  23  2:33  Assimilator  
  23  2:39  Pylon  
  23  2:43  Probe  
  24  2:48  Adept  
  27  3:00  Mothership Core  
  28  3:15  Gateway, Pylon  
  28  3:24  Probe x2 (Chrono Boost)  
  32  3:35  Probe (Chrono Boost)  
  32  3:37  Probe (Chrono Boost)  
  32  3:40  Photon Cannon  
  32  3:48  Protoss Ground Weapons Level 1  
  32  3:50  Sentry  
  32  3:54  Probe (Chrono Boost)  
  36  4:03  Probe (Chrono Boost)  
  36  4:11  Probe  
  37  4:21  Twilight Council  
  37  4:23  Probe  
  38  4:25  Pylon  
  38  4:35  Probe (Chrono Boost), Robotics Facility  
  38  4:37  Pylon  
  39  4:44  Assimilator  
  40  4:46  Probe (Chrono Boost)  
  40  4:48  Pylon  
  40  4:49  Assimilator  
  40  4:52  Probe (Chrono Boost)  
  41  5:04  Probe  
  42  5:09  Stalker  
  42  5:10  Stalker  
  42  5:13  Probe  
  47  5:16  Probe  
  48  5:23  Robotics Facility  
  48  5:26  Pylon  
  48  5:28  Observer  
  49  5:33  Pylon  
  49  5:37  Photon Cannon  
  49  5:41  Probe (Chrono Boost)  
  50  5:48  Stalker  
  50  5:49  Observer  
  54  5:50  Stalker  
  54  5:51  Probe (Chrono Boost)  
  56  5:58  Probe  
  57  6:10  Probe  
  57  6:11  Gateway x2  
  58  6:16  Pylon  
  58  6:22  Probe (Chrono Boost)  
  58  6:24  Probe (Chrono Boost)  
  60  6:32  Probe (Chrono Boost)  
  61  6:36  Sentry x2  
  61  6:39  Probe  
  62  6:51  Probe  
  59  7:03  Probe  
  60  7:12  Immortal (Chrono Boost)  
  60  7:13  Immortal (Chrono Boost)  
  60  7:27  Stalker x2  
Show
View Real Time Build Order
Export as new Build Order

wabbajack Terran - Winner!

Build Orders:  

Get SALT Encoding   

  12  0:01  SCV  
  13  0:13  SCV  
  14  0:18  Supply Depot  
  14  0:25  SCV  
  15  0:43  Barracks  
  15  0:45  SCV  
  15  0:48  Refinery  
  16  0:58  SCV  
  17  1:14  SCV  
  18  1:26  Supply Depot  
  18  1:30  Orbital Command  
  18  1:39  Marine  
  19  1:51  Command Center  
  19  2:15  Factory  
  19  2:18  Barracks Reactor  
  19  2:21  SCV  
  20  2:29  Barracks  
  20  2:36  SCV  
  21  2:40  Refinery  
  21  2:56  Marine x2  
  23  3:01  Starport  
  23  3:02  SCV  
  23  3:05  Orbital Command  
  24  3:14  SCV  
  25  3:22  Factory Tech Lab  
  25  3:23  Barracks Tech Lab  
  25  3:24  Marine x2  
  25  3:26  SCV  
  28  3:35  SCV  
  28  3:38  SCV  
  30  3:47  SCV  
  31  3:50  Marine x2  
  31  3:54  Raven  
  35  3:58  SCV  
  35  3:59  SCV  
  37  4:05  Refinery  
  37  4:07  Supply Depot  
  37  4:08  Supply Depot, Marine x2  
  39  4:11  Siege Tank  
  42  4:19  Barracks Reactor  
  42  4:25  Marine  
  42  4:26  Marine  
  42  4:28  SCV x2  
  46  4:32  Supply Depot  
  46  4:40  SCV  
  46  4:41  SCV  
  46  4:43  Marine x2  
  50  4:49  Siege Tank  
  53  5:01  SCV x2, Marine x2  
  53  5:06  Supply Depot  
  57  5:07  Supply Depot  
  57  5:10  Medivac x2  
  57  5:12  Marine  
  57  5:13  SCV x2  
  64  5:19  Marine x2  
  66  5:23  Siege Tank  
  69  5:28  SCV x2  
  69  5:30  Barracks, Marine  
  72  5:36  Supply Depot  
  72  5:37  Supply Depot, Marine x2  
  72  5:40  Combat Shields, SCV  
  72  5:41  SCV  
  76  6:09  Marauder  
  78  6:13  Medivac x2  
  78  6:14  Marine x2  
  78  6:18  Barracks Tech Lab  
  84  6:28  Refinery  
  84  6:31  Marauder  
  86  6:35  Command Center  
  86  7:00  Marauder  
  88  7:01  Marauder  
  88  7:03  Siege Tank  
  88  7:04  Medivac x2  
  88  7:05  Marine x2  
  88  7:07  SCV x2  
  101  7:19  SCV  
  101  7:23  Marine  
  101  7:24  Marine  
Tags
 
Add a new tag
Caveats
  • Supply blocks, unpowered buildings, or Contaminate may cause inaccurate times.
  • Supply counts are checked every 10 seconds.